 Adventure DCSS version bcrawl-1.36.4 (webtiles) character file.

Game seed: 15714316667074711981

375524 raph the Impaler (level 15, -12/119 HPs)
             Began as a Merfolk Gladiator on June 27, 2022.
             Was an Initiate of Gozag.
             Killed from afar by a frost giant (29 damage)
             ... with a freezing blast
             ... on level 12 of the Dungeon.
             The game lasted 00:54:04 (26222 turns).

raph the Impaler (Merfolk Gladiator)               Turns: 26222, Time: 00:54:05

Health: -12/119    AC: 21    Str: 10    XL:     15   Next: 14%
Magic:  22/22      EV: 29    Int: 11    God:    Gozag
Gold:   1675       SH:  4    Dex: 22    Spells: 22/24 levels left
                                        Lives:  0   Deaths: 2

rFire    . . .     SeeInvis .   w - +5 scythe "Finisher" {speed, eviscerate}
rCold    . . .     Gourm    .   (shield currently unavailable)
rNeg     . . .     Faith    .   V - +1 leather armour of the Spider Nest {rElec MR+++ Dex-2 Stlth-}
rPois    .         Spirit   .   L - +2 helmet
rElec    +         Reflect  +   t - +1 cloak
rCorr    .                      X - +2 pair of gloves
MR       +++++                  R - +2 pair of boots {run}
Stlth    ++++......             N - amulet "Xafolagi" {Reflect Str-5 Int+4 SH+4}
HPRegen  0.29/turn              p - ring of Zochemat {rElec MR+ EV+4, pickup}
MPRegen  0.18/turn              z - +5 ring of protection

@: gold aura, quick
A: change form in water, swift swim, stealthy swim
a: Potion Petition, Call Merchant, Bribe Branch, Renounce Religion


You were on level 12 of the Dungeon.
You worshipped Gozag.
Gozag was most pleased with you.
You were hungry.

You visited 3 branches of the dungeon, and saw 19 of its levels.
You also visited: Sewer and Gauntlet.

You collected 7545 gold pieces.
You spent 3530 gold pieces at shops.
You paid 2340 gold pieces to Gozag.

Inventory:

Hand Weapons
 a - a +3 glaive
 b - a +2 trident
 w - the +5 scythe "Finisher" (weapon) {speed, eviscerate}
   (You bought it in a shop in the Orcish Mines)

   Attacks with this weapon are significantly faster.
Missiles
 d - 4 throwing nets {=f}
 l - 791 poisoned tomahawks (quivered)
 O - 438 javelins
Armour
 t - a +1 cloak (worn)
 L - a +2 helmet (worn)
 R - a +2 pair of boots of running (worn)
 V - the +1 leather armour of the Spider Nest (worn) {rElec MR+++ Dex-2 Stlth-}
   (You found it on level 3 of the Lair of Beasts)

   It affects your dexterity (-2).
   It insulates you from electricity.
   It affects your resistance to hostile enchantments.
   It makes you less stealthy.
 X - a +2 pair of gloves (worn)
Jewellery
 c - an uncursed ring of poison resistance
 k - an uncursed ring of insulation
 p - the ring of Zochemat (left hand) {rElec MR+ EV+4, pickup}
   (You bought it in a shop on level 11 of the Dungeon)

   [ring of evasion]

   It affects your evasion (+4).
   It insulates you from electricity.
   It affects your resistance to hostile enchantments.
 s - an uncursed ring of see invisible
 z - a +5 ring of protection (right hand)
 M - an uncursed ring of protection from cold
 N - the amulet "Xafolagi" (around neck) {Reflect Str-5 Int+4 SH+4}
   (You found it in a Gauntlet)

   [amulet of reflection]

   It shields you and reflects attacks.
   It affects your strength (-5).
   It affects your intelligence (+4).
   It affects your SH (+4).
Wands
 o - a wand of flame (73)
 E - a wand of acid (16)
 J - a wand of disintegration (12)
 Q - a wand of clouds (14)
 T - a wand of digging (19)
 U - a wand of paralysis (15)
Scrolls
 g - 8 scrolls of teleportation
 i - 6 scrolls of identify
 q - 3 scrolls of magic mapping
 u - 5 scrolls of remove curse
 y - 3 scrolls of immolation
 B - 2 scrolls of amnesia
 I - 2 scrolls of torment
 S - 4 scrolls of blinking
 Y - 3 scrolls of fear
Potions
 f - a potion of heal wounds
 j - 4 potions of flight
 m - 3 potions of lignification
 n - 5 potions of curing
 r - 4 potions of invisibility
 v - 2 potions of magic
 x - 5 potions of cancellation
 C - 2 potions of mutation
 D - 3 potions of resistance
 F - a potion of ambrosia
 G - 4 potions of brilliance
 H - 3 potions of agility
 Z - 2 potions of might
Comestibles
 e - 4 rations {!d}


   Skills:
 + Level 11.6 Fighting
 - Level 20.0 Polearms
 + Level 10.5 Throwing
 - Level 6.0 Armour
 + Level 13.5 Dodging
 + Level 9.9 Stealth
 - Level 5.2 Spellcasting
 - Level 4.8 Translocations
 + Level 8.3 Evocations


You had 22 spell levels left.
You knew the following spells:

 Your Spells              Type           Power        Failure   Level  Hunger
a - Blink                 Tloc           N/A          5%          2    None

Your spell library contained the following spells:

 Spells                   Type           Power        Failure   Level  Hunger
 Corona                   Hex            #......      26%         1    None
 Magic Dart               Conj           #...         26%         1    None
 Call Imp                 Summ           #.....       38%         2    None
 Shackle                  Hex            #.......     38%         2    None
 Confuse                  Hex            #.......     63%         3    ##.....
 Conjure Flame            Conj/Fire      #.......     63%         3    ##.....
 False Image              Hex/Summ       #.......     63%         3    ##.....
 Inner Flame              Hex/Fire       N/A          63%         3    ##.....
 Mephitic Cloud           Conj/Pois/Air  #.......     63%         3    ##.....
 Spider Form              Tmut/Pois      #..          63%         3    ##.....
 Cause Fear               Hex            #.........   95%         4    ####...
 Yara's Violent Unravell  Hex/Tmut       #.........   95%         4    ####...
 Bolt of Magma            Conj/Fire/Erth #.........   100%        5    ######.
 Metabolic Englaciation   Hex/Ice        #.........   100%        5    ######.
 Summon Mana Viper        Hex/Summ       #.......     100%        5    ######.
 Infestation              Hex/Tmut/Pois  #........    100%        6    #######
 Statue Form              Tmut/Erth      #........    100%        6    #######


Dungeon Overview and Level Annotations

Branches:
Dungeon (12/12)            Temple (0/1) D:5            Lair (6/6) D:8
 Shoals (0/3) Lair:2       Spider (0/3) Lair:2        Slime (0/5) Lair:6
    Orc (1/1) D:10            Elf (0/3) Orc          Vaults (0/3) D:12
  Swamp: Lair:2-4     Snake: Lair:2-4    Depths: D:12

Altars:
Dithmenos
Gozag
Makhleb
Nemelex Xobeh
Okawaru
Qazlal
Ru
Vehumet
Xom
Yredelemnul
The Shining One
Beogh
Jiyva

Shops:
D:4 =   D:5 (   D:10 *   D:11 ([=*   Orc !(:(

Portals:
Trove: D:9 (give 13 scrolls of teleportation)

Annotations:
D:8 1 runed translucent door, Wired's ghost, novice MiFi
D:10 3 runed translucent doors, Galewind's ghost, journeyman AvCj
Lair:4 3 runed translucent doors, Wired's ghost, journeyman DsAK


Message History

You hit the frost giant.
The frost giant is lightly wounded.
You are feeling hungry.
You hit the frost giant.
The frost giant is lightly wounded.
The frost giant hits you but does no damage.
You hit the frost giant but do no damage.
The frost giant is lightly wounded.
You hit the frost giant but do no damage.
The frost giant is lightly wounded.
You slash the frost giant!
The frost giant is moderately wounded.
The frost giant hits you with a +1 battleaxe of freezing!!
* * * LOW HITPOINT WARNING * * *
The frost giant freezes you!
* * * LOW HITPOINT WARNING * * *
The frost giant casts a spell at you.
The freezing blast explodes!
The freezing blast engulfs you!!
You die...
Your body crumbles into a pile of gold.

...# §#≈#≈#§#§##
...##§≈§ ≈≈≈≈≈§≈≈§##
...##≈??$$$)(?§)$)≈##
<..##≈... .$.....§§§#
.<.##≈!.#. #$.##.%≈##
<..##≈%...##)###$!≈§#
...##≈$.###...#..)§##
#####≈$.##.[..)..)≈§#
####≈##.$...[$##@?≈##
≈≈≈≈###'.$$..###..≈§#
)(..##.#'.$.##..C$§##
.#...+#.#+..##.#.)≈§#
.#....$#.#+......$≈##
#.)..$.+#.##(./%§§§≈
..)).<$.+###§≈≈≈§§§##
+#'#.....# ≈########
#.###$...!≈#


You could see a frost giant.

Vanquished Creatures
  A fire giant (D:12)
  A frost giant (D:12)
  A very ugly thing (D:12)
  Nessos (Lair:5)
  A minotaur (Gauntlet)
  Josephine (D:10)
  2 ettins (D:12)
  Urug (Orc)
  Erolcha (D:9)
  A yaktaur captain (D:12)
  Psyche (D:8)
  An ice dragon (D:12)
  6 hydras
  3 catoblepae (Lair:6)
  5 two-headed ogres
  A death scarab (Gauntlet)
  2 tengu warriors
  9 death yaks
  3 orc high priests (Orc)
  2 centaur warriors (D:11)
  Sonja (Orc)
  A deep elf knight (D:12)
  A sixfirhy (Gauntlet)
  2 deep trolls (D:12)
  2 wolf spider zombies
  2 unseen horrors (D:11)
  A deep elf archer (D:12)
  3 cyclopes
  Pikel (D:8)
  6 orc knights (Orc)
  A wolf spider (Lair:2)
  2 phantasmal warriors (D:12)
  A deep elf mage (D:12)
  3 manticores
  4 ugly things
  6 orc sorcerers (Orc)
  A salamander (shapeshifter) (D:11)
  6 elephants
  A black mamba (shapeshifter) (D:12)
  9 black mambas
  Joseph (D:8)
  5 cane toads
  2 gargoyles (D:12)
  2 torpor snails (Lair:5)
  A jumping spider (Lair:2)
  A rime drake (Lair:5)
  7 komodo dragons
  A freezing wraith (D:12)
  Maurice (D:10)
  A tengu conjurer (D:11)
  2 polar bears (Lair:6)
  4 hornets
  A wind drake (shapeshifter) (D:12)
  8 slime creatures (D:10)
  3 harpy skeletons
  19 blink frogs
  8 trolls
  6 dream sheep (Lair:5)
  7 hippogriffs
  Sigmund (D:2)
  A snapping turtle (Lair:2)
  A shadow (D:6)
  6 wraiths
  3 wyverns
  A yak (shapeshifter) (D:11)
  34 yaks
  2 basilisks
  3 hungry ghosts
  3 redbacks (Lair:2)
  A vampire mosquito (D:12)
  3 wargs
  A steam dragon (Lair:2)
  13 crocodiles
  3 acid dragons
  9 water moccasins
  7 porcupines
  3 hornet zombies
  23 orc warriors
  A soldier ant (D:12)
  A slave (D:8)
  A black bear (D:7)
  4 sky beasts
  2 phantoms
  4 necrophages
  14 wolves
  5 ogres
  5 bullfrogs
  9 centaurs
  3 scorpions
  7 wights
  5 killer bees (D:11)
  20 orc priests
  2 electric eels
  8 crimson imps
  3 howler monkeys
  8 hounds
  2 jellies
  20 orc wizards
  3 iguanas
  9 worker ants
  9 adders
  6 gnolls
  A shadow imp (D:5)
  An ooze (D:2)
  An adder zombie (D:7)
  2 adder skeletons
  5 worms
  3 dart slugs
  6 leopard geckos
  73 orcs
  4 giant cockroaches (D:5)
  8 goblins
  13 hobgoblins
  9 jackals
  17 kobolds
  2 quokkas
  6 bats
  4 frilled lizards
  A quokka skeleton (D:4)
  2 rats
  A plant (D:8)
606 creatures vanquished.

Vanquished Creatures (others)
  A centaur warrior (D:12)
  A slave (D:8)
  An orc priest (D:8)
  2 orc wizards
  2 orcs (Orc)
  5 fungi
  26 plants
38 creatures vanquished.

Grand Total: 644 creatures vanquished

Notes
Turn   | Place    | Note
-------+----------+-------------------------------------------
     0 | D:1      | raph the Merfolk Gladiator began the quest for the Orb.
     0 | D:1      | Reached XP level 1. HP: 18/18 MP: 1/1
    38 | D:1      | Reached skill level 5 in Polearms
    40 | D:1      | Reached XP level 2. HP: 16/24 MP: 2/2
   727 | D:2      | Reached skill level 6 in Polearms
   727 | D:2      | Reached XP level 3. HP: 29/29 MP: 3/3
   772 | D:2      | Noticed Sigmund
   789 | D:2      | Killed Sigmund
   790 | D:2      | Reached skill level 9 in Polearms
   790 | D:2      | Reached XP level 4. HP: 25/35 MP: 4/4
   790 | D:2      | Reached XP level 5. HP: 30/41 MP: 5/5
   876 | D:2      | Found an opulent altar of Gozag.
   947 | D:2      | Became a worshipper of Gozag Ym Sagoz the Greedy
  1249 | D:2      | Found an iron altar of Okawaru.
  1373 | D:2      | Reached XP level 6. HP: 47/47 MP: 6/6
  2445 | D:3      | Found a sparkling altar of Nemelex Xobeh.
  2549 | D:2      | Reached skill level 10 in Polearms
  2805 | D:4      | Found a stormy altar of Qazlal.
  2806 | D:4      | Found a radiant altar of Vehumet.
  2806 | D:4      | Found a shadowy altar of Dithmenos.
  2916 | D:4      | Reached XP level 7. HP: 35/52 MP: 5/7
  3091 | D:4      | Reached skill level 11 in Polearms
  3158 | D:4      | Learned a level 2 spell: Blink
  3555 | D:4      | Found a sacrificial altar of Ru.
  3756 | D:4      | Found Mabuc's Jewellery Emporium.
  3759 | D:4      | Bought a +5 ring of protection for 699 gold pieces
  3851 | D:5      | Entered Level 5 of the Dungeon
  3879 | D:5      | Found a glowing drain.
  3883 | D:5      | Reached skill level 1 in Translocations
  3898 | Sewer    | Entered a sewer
  3987 | Sewer    | Reached skill level 1 in Spellcasting
  4146 | D:5      | Reached XP level 8. HP: 60/60 MP: 8/10
  4146 | D:5      | Found Giogruek's Weapon Shoppe.
  4178 | D:5      | Bought a +0 glaive for 91 gold pieces
  4277 | D:5      | Got a crystal mace
  4307 | D:5      | Reached skill level 5 in Dodging
  4499 | D:5      | Found a staircase to the Ecumenical Temple.
  5145 | D:5      | Found a glowing golden altar of the Shining One.
  5275 | D:6      | Reached skill level 12 in Polearms
  5684 | D:6      | Reached XP level 9. HP: 67/67 MP: 11/13
  5732 | D:6      | Reached skill level 5 in Fighting
  6316 | D:7      | Noticed a hornet
  6341 | D:7      | Killed a hornet
  6342 | D:7      | Reached skill level 13 in Polearms
  6972 | D:8      | Noticed Pikel
  6984 | D:8      | Killed Pikel
  6985 | D:8      | Reached skill level 5 in Throwing
  6985 | D:8      | Reached XP level 10. HP: 71/76 MP: 14/16
  6987 | D:8      | Noticed a six-headed hydra
  6995 | D:8      | Killed a six-headed hydra
  7112 | D:8      | Reached skill level 14 in Polearms
  7208 | D:8      | Found a runed translucent door.
  7209 | D:8      | Noticed Wired's ghost (novice MiFi)
  7359 | D:8      | Noticed Psyche
  7372 | D:8      | Killed Psyche
  7522 | D:8      | Found a staircase to the Lair.
  7868 | D:8      | Reached XP level 11. HP: 83/83 MP: 18/18
  7876 | D:8      | Reached skill level 5 in Spellcasting
  7953 | D:8      | Noticed Joseph
  7953 | D:8      | Noticed a cyclops
  7969 | D:8      | Killed a cyclops
  7987 | D:8      | Killed Joseph
  8382 | Lair:1   | Entered Level 1 of the Lair of Beasts
  8401 | Lair:1   | Reached skill level 15 in Polearms
  8664 | Lair:1   | Found a gate leading to a gauntlet.
  8673 | Gauntlet | Entered a Gauntlet
  8673 | Gauntlet | Found a transporter.
  8673 | Gauntlet | Found a transporter.
  8703 | Gauntlet | Found a transporter.
  8718 | Gauntlet | Noticed an oklob plant
  8719 | Gauntlet | Found a transporter.
  8737 | Gauntlet | Noticed a sixfirhy
  8738 | Gauntlet | Noticed a sixfirhy
  8740 | Gauntlet | Found a transporter.
  8740 | Gauntlet | Found a transporter.
  8754 | Gauntlet | Noticed a death scarab
  8757 | Gauntlet | Found a transporter.
  8760 | Gauntlet | Noticed a death scarab
  8774 | Gauntlet | Found a transporter.
  8780 | Gauntlet | Found a transporter.
  8783 | Gauntlet | Noticed a moth of wrath
  8811 | Gauntlet | Noticed a death scarab
  8821 | Gauntlet | Found a transporter.
  8876 | Gauntlet | Slain by a death scarab
  8877 | Gauntlet | Reached XP level 10. HP: -4/79 MP: 17/17
  8913 | Gauntlet | Killed a death scarab
  8914 | Gauntlet | Reached skill level 1 in Stealth
  8914 | Gauntlet | Reached skill level 1 in Evocations
  9048 | Gauntlet | Got a wavering ivory amulet
  9063 | Gauntlet | HP: 2/79 [sixfirhy (9)]
  9070 | Gauntlet | Killed a sixfirhy
  9092 | Gauntlet | Identified the amulet "Xafolagi" {Reflect Str-5 Int+4 SH+4}
                  | (You found it in a Gauntlet)
  9137 | Gauntlet | Noticed a minotaur
  9145 | Gauntlet | Killed a minotaur
  9146 | Gauntlet | Reached XP level 11. HP: 36/86 MP: 18/18
  9252 | Gauntlet | Identified Sif Muna's Guide on Enchanting Clay
  9993 | Lair:2   | Identified a +2 pair of boots of running (You found it in a
                  | Gauntlet)
 10401 | Lair:2   | Found a staircase to the Shoals.
 10570 | Lair:2   | Reached skill level 16 in Polearms
 10711 | Lair:2   | Found a hole to the Spider Nest.
 10711 | Lair:2   | Noticed a wolf spider
 10732 | Lair:2   | Killed a wolf spider
 11174 | Lair:3   | Reached skill level 10 in Dodging
 11448 | Lair:3   | Got a twisted chain mail
 11459 | Lair:3   | Identified the +9 chain mail "Zutopp" {rN+ SInv} (You found
                  | it on level 3 of the Lair of Beasts)
 11556 | Lair:3   | Got a jewelled leather armour
 11835 | Lair:1   | Identified the +1 leather armour of the Spider Nest {rElec
                  | MR+++ Dex-2 Stlth-} (You found it on level 3 of the Lair of
                  | Beasts)
 11956 | Lair:3   | Reached XP level 12. HP: 94/94 MP: 17/19
 12375 | Lair:4   | Reached skill level 1 in Armour
 12737 | Lair:4   | Found a runed translucent gate.
 12737 | Lair:4   | Found a runed translucent gate.
 12738 | Lair:4   | Found a runed translucent gate.
 12743 | Lair:4   | Noticed Wired's ghost (journeyman DsAK)
 12746 | Lair:4   | Noticed a death yak
 12746 | Lair:4   | Noticed a death yak
 12747 | Lair:4   | Noticed a death yak
 12763 | Lair:4   | Killed a death yak
 12764 | Lair:4   | Reached skill level 5 in Stealth
 12775 | Lair:4   | Killed a death yak
 12777 | Lair:4   | Noticed a minotaur
 12788 | Lair:4   | Killed a death yak
 12789 | Lair:4   | Reached skill level 17 in Polearms
 13882 | Lair:5   | Noticed a four-headed hydra
 13897 | Lair:5   | Killed a four-headed hydra
 14027 | Lair:5   | Noticed Nessos
 14064 | Lair:5   | Killed Nessos
 14725 | Lair:5   | Reached XP level 13. HP: 101/101 MP: 20/20
 14892 | Lair:5   | Reached skill level 5 in Evocations
 15671 | Lair:6   | Entered Level 6 of the Lair of Beasts
 15843 | Lair:6   | Found a staircase to the Slime Pits.
 15844 | Lair:6   | Found a viscous altar of Jiyva.
 16084 | Lair:6   | Reached skill level 18 in Polearms
 16712 | Lair:6   | Reached skill level 5 in Armour
 16721 | Lair:6   | Reached skill level 10 in Fighting
 16997 | Lair:5   | Reached XP level 14. HP: 17/110 MP: 21/21
 18308 | D:9      | Noticed Erolcha
 18313 | D:9      | Killed Erolcha
 18468 | D:9      | Found a portal to a secret trove of treasure.
 18517 | D:10     | Entered Level 10 of the Dungeon
 18590 | D:10     | Noticed Maurice
 18599 | D:10     | Killed Maurice
 18673 | D:10     | Found a staircase to the Orcish Mines.
 19245 | D:10     | Got a buzzing scale mail
 19271 | D:10     | Identified the +3 scale mail of Pathos {Str+3 Int-2 Dex+2}
                  | (You found it on level 10 of the Dungeon)
 19409 | D:10     | Found a runed translucent gate.
 19409 | D:10     | Found a runed translucent gate.
 19409 | D:10     | Found a runed translucent gate.
 19410 | D:10     | Found an opulent altar of Gozag.
 19411 | D:10     | Noticed Galewind's ghost (journeyman AvCj)
 19413 | D:10     | Found Erick's Assorted Antiques.
 20006 | D:10     | Noticed Josephine
 20041 | D:10     | Killed Josephine
 20284 | Orc      | Entered the Orcish Mines
 20291 | Orc      | Noticed Sonja
 20305 | Orc      | Killed Sonja
 20537 | Orc      | Found a roughly hewn altar of Beogh.
 21020 | Orc      | Reached skill level 19 in Polearms
 21112 | Orc      | Found a staircase to the Elven Halls.
 22540 | Orc      | Slain by an orc knight
 22541 | Orc      | Reached XP level 13. HP: -1/104 MP: 20/20
 22904 | Orc      | Found Wode's Distillery.
 22904 | Orc      | Found Tiliet's Antique Weapon Shop.
 22908 | Orc      | Found Kyheic's Weapon Emporium.
 22908 | Orc      | Found Arryn's Book Shop.
 22920 | Orc      | Bought the +5 scythe "Finisher" {speed, eviscerate} for 738
                  | gold pieces
 22920 | Orc      | Found the +5 scythe "Finisher" {speed, eviscerate}
 22922 | Orc      | Bought a potion of invisibility for 128 gold pieces
 22922 | Orc      | Bought a potion of heal wounds for 80 gold pieces
 22922 | Orc      | Bought a potion of ambrosia for 64 gold pieces
 22922 | Orc      | Bought a potion of agility for 64 gold pieces
 22922 | Orc      | Bought a potion of might for 64 gold pieces
 22922 | Orc      | Bought a potion of agility for 64 gold pieces
 22964 | Orc      | Noticed Urug
 22983 | Orc      | Killed Urug
 23273 | D:11     | Reached XP level 14. HP: 111/111 MP: 21/21
 23315 | D:11     | Found Zeyw's Weapon Shoppe.
 23516 | D:11     | Bought 77 javelins of penetration for 215 gold pieces
 23995 | D:11     | Found a sacrificial altar of Ru.
 24020 | D:11     | Found Sous's Jewellery Shop.
 24023 | D:11     | Bought the ring of Zochemat {rElec MR+ EV+4} for 603 gold
                  | pieces
 24131 | D:11     | Found Akoc's Assorted Antiques.
 24137 | D:11     | Bought a scroll labeled LYOBUK XIROELY for 36 gold pieces
 24137 | D:11     | Bought a wand of clouds (9) for 540 gold pieces
 24137 | D:11     | Bought a scroll of identify for 72 gold pieces
 24137 | D:11     | Bought a scroll of identify for 72 gold pieces
 24382 | D:11     | Found Plog's Armour Boutique.
 24492 | D:12     | Entered Level 12 of the Dungeon
 24836 | D:12     | Found a shimmering altar of Xom.
 24837 | D:12     | Found a burning altar of Makhleb.
 24838 | D:12     | Found a basalt altar of Yredelemnul.
 24904 | D:12     | Noticed a frost giant
 25069 | D:12     | Killed a frost giant
 25275 | D:12     | Reached skill level 10 in Throwing
 25335 | D:12     | Reached skill level 20 in Polearms
 25393 | D:12     | Found a gate to the Vaults.
 25645 | D:12     | Noticed a green very ugly thing
 25655 | D:12     | Killed a green very ugly thing
 25820 | D:12     | Noticed a fire giant
 25833 | D:12     | Killed a fire giant
 25834 | D:12     | Reached XP level 15. HP: 31/119 MP: 22/22
 26187 | D:12     | Found the +16 sapphire dagger {flash freeze, rF- rC++ MR+}
 26204 | D:12     | Noticed a frost giant
 26222 | D:12     | Killed from afar by a frost giant

Skill      XL: |  1  2  3  4  5  6  7  8  9 10 11 12 13 14 |
---------------+-------------------------------------------+-----
Polearms       | 5 6 9 10 11 12 13 14 16 17 18 20 | 20.0
Translocations | 1 2 3 4 |  4.8
Spellcasting   | 1 2 4 5 |  5.2
Fighting       | 4 6 8 9 10 11 | 11.6
Throwing       | 3 5 7 8 10 | 10.5
Dodging        | 6 7 9 10 11 13 | 13.5
Stealth        | 2 4 5 7 9 |  9.9
Evocations     | 1 3 4 7 8 |  8.3
Armour         | 3 5 6 |  6.0

Action                   |  1- 3 |  4- 6 |  7- 9 | 10-12 | 13-15 || total
-------------------------+-------+-------+-------+-------+-------++-------
Melee: Trident           |    72 |   135 |   111 |    12 |    65 ||   395
       Tailslap          |       |       |     4 |       |       ||     4
       Glaive            |       |       |   195 |   628 |  1012 ||  1835
       Scythe            |       |       |       |       |   244 ||   244
Throw: Tomahawk          |     8 |     5 |    40 |    77 |   166 ||   296
       Throwing net      |     2 |       |       |       |       ||     2
       Javelin           |       |       |       |    13 |     4 ||    17
 Cast: Blink             |       |       |       |     3 |       ||     3
Invok: Potion Petition   |       |       |       |     3 |     3 ||     6
Evoke: Wand              |       |       |       |     3 |     5 ||     8
  Use: Scroll            |       |    10 |    11 |     9 |     8 ||    38
       Potion            |       |       |     2 |    11 |     5 ||    18
 Stab: Sleeping          |     2 |     6 |     6 |     7 |    20 ||    41
       Distracted        |       |     2 |     3 |     8 |    17 ||    30
       Paralysed         |       |       |     1 |       |       ||     1
       Invisible         |       |       |       |     1 |       ||     1
       Petrified         |       |       |       |       |     5 ||     5
  Eat: Chunk             |     1 |     1 |       |       |       ||     2
       Ration            |       |     2 |     6 |    10 |    15 ||    33
Armor: Leather armour    |     7 |    11 |    65 |    42 |   200 ||   325
       Ring mail         |       |       |       |    86 |       ||    86
       Chain mail        |       |       |       |    20 |       ||    20
Dodge: Dodged            |    45 |    77 |   156 |   490 |   886 ||  1654
Block: Other             |       |       |     8 |    79 |   145 ||   232
       Reflection        |       |       |       |     2 |    14 ||    16
